 Dungeon Crawl Stone Soup version 0.23-a0-171-g5ae17c6 (webtiles) character file.

30 Mgcat the Cudgeler (level 2, -8/25 HPs)
             Began as a Demigod Fighter on Sept 14, 2018.
             Splashed by a jelly's acid (9 damage)
             ... on level 1 of the Dungeon.
             The game lasted 00:01:02 (296 turns).

Mgcat the Cudgeler (Demigod Fighter)                 Turns: 296, Time: 00:01:03

Health: -8/25      AC: -1    Str: 19    XL:     2   Next: 87%
Magic:  4/4        EV:  7    Int: 12    God:
Gold:   0          SH:  9    Dex: 15    Spells: 1/1 levels left

rFire    . . .     SeeInvis .   a - +0 flail
rCold    . . .     Gourm    .   c - +0 shield
rNeg     . . .     Faith    .   b - +0 scale mail
rPois    .         Spirit   .   (no helmet)
rElec    .         Reflect  .   (no cloak)
rCorr    .         Harm     .   (no gloves)
MR       .....                  (no boots)
Stlth    ..........             (no amulet)
HPRegen  0.08/turn              (no ring)
MPRegen  0.09/turn              (no ring)

@: corroded
A: high mp 1
a: no special abilities


You were on level 1 of the Dungeon.
You were not hungry.

You visited 1 branch of the dungeon, and saw 1 of its levels.

Inventory:

Hand Weapons
 a - a +0 flail (weapon)
Armour
 b - a +0 scale mail (worn)
 c - a +0 shield (worn)
Scrolls
 e - a scroll of remove curse {unknown}
Comestibles
 f - a ration


   Skills:
 - Level 2.6 Fighting
 + Level 3.2 Maces & Flails
 - Level 2.6 Armour
 - Level 2.6 Shields


You had one spell level left.
You didn't know any spells.
Your spell library was empty.

Dungeon Overview and Level Annotations

Branches:
Dungeon (1/15)


Innate Abilities, Weirdness & Mutations

You have an increased reservoir of magic. (+10% MP)


Message History

You block the ooze's attack.
You hit the ooze.
The ooze is severely wounded.
The ooze closely misses you.
The ooze jiggles.
You hit the ooze.
You kill the ooze!
You have reached level 2!
You feel very mighty all of a sudden. The ooze hits you but does no damage.
You hit the ooze.
The ooze is heavily wounded.
You block the ooze's attack. The ooze hits you but does no damage.
You sock the ooze!
You kill the ooze!
The ooze hits you but does no damage.
Your shield prevents you from hitting the ooze.
You block the ooze's attack.
You bludgeon the ooze!!
You kill the ooze!
Your Maces & Flails skill increases to level 3!
You thump the rat!
You kill the rat!
The ooze jiggles.
You hit the jackal.
You kill the jackal!
You thump the ooze!
You kill the ooze!
You hit the giant cockroach.
The giant cockroach is moderately wounded.
You block the giant cockroach's attack. x2
Your shield and scale mail prevent you from hitting the giant cockroach.
The giant cockroach is moderately wounded.
The giant cockroach bites you but does no damage.
The giant cockroach bites you.
* * * LOW HITPOINT WARNING * * *
You barely miss the giant cockroach.
The giant cockroach is moderately wounded.
The giant cockroach barely misses you.
You sock the giant cockroach!
You kill the giant cockroach!
Things that are here:
a jackal corpse; a giant cockroach corpse You butcher the jackal corpse.
d - 3 chunks of flesh {@w0}
Things that are here:
a jackal skeleton; a giant cockroach corpse A frilled lizard comes into view.
You are too injured to fight recklessly!
You are too injured to fight recklessly!
You miss the frilled lizard.
The frilled lizard bites you but does no damage.
You block the frilled lizard's attack.
You sock the frilled lizard!
You kill the frilled lizard!
Unknown command.
Unknown command.
You hear a distant slurping noise.
You feel a little less mighty now.
You hear a distant slurping noise.
HP restored.
You see here a jackal skeleton.
e - a scroll labeled BEWINOIVVU Unknown command.
The jelly quivers.
The jelly is too close now for your liking.
Firing (i - inventory) No suitable missiles.
Press: ? - help, Shift-Dir - straight line, f - jelly
Aim: a jelly
Okay, then.
Unknown command.
You aren't carrying any items that you can evoke.
Unknown command.
You aren't carrying any potions.
Unknown command.
Unknown command.
All of the chunks of flesh in your inventory have rotted away.
The rat twitches its whiskers.
You hit the jelly.
Your hands burn!
The jelly is lightly wounded.
The jelly barely misses you.
You hit the jelly but do no damage. The acid corrodes you!
Your hands burn!
The jelly is lightly wounded.
You block the jelly's attack.
Unknown command.
Unknown command.
You hit the jelly but do no damage.
Your hands burn!
The jelly is lightly wounded.
The jelly hits you but does no damage. The jelly hits you.
The acid corrodes you!
You are splashed with acid!
The acid burns!
* * * LOW HITPOINT WARNING * * *
Unknown command.
Unknown command.
You hit the jelly but do no damage.
Your hands burn!
* * * LOW HITPOINT WARNING * * *
The jelly is lightly wounded.
The jelly hits you.
* * * LOW HITPOINT WARNING * * *
You are splashed with acid!
The acid burns!
You die...

.......## .........
........###############
..#.....#.............#
........#......rhs....
#.#........r..
#.#######'#######
#.#.......J.....#.
#@+⌠....###J...⌠.. ..
#J#......<......# ....
#r#..⌠...>...⌠..#
.....#.###.#######'###.
#..........J......÷.....
######..................
###############.... ....
....


You could see a jelly and a rat.

Vanquished Creatures
  4 oozes (D:1)
  4 giant cockroaches (D:1)
  3 jackals (D:1)
  A frilled lizard (D:1)
  A rat (D:1)
13 creatures vanquished.

Notes
Turn   | Place    | Note
-------+----------+-------------------------------------------
     0 | D:1      | Mgcat the Demigod Fighter began the quest for the Orb.
     0 | D:1      | Reached XP level 1. HP: 18/18 MP: 3/3
     1 | D:1      | Found a runed door.
     1 | D:1      | Noticed a jelly
    17 | D:1      | Reached skill level 2 in Maces & Flails
    45 | D:1      | HP: 3/18 [ooze (4)]
    48 | D:1      | Reached XP level 2. HP: 4/25 MP: 4/4
    53 | D:1      | Reached skill level 3 in Maces & Flails
    58 | D:1      | HP: 4/25 [giant cockroach (1)]
   295 | D:1      | HP: 5/25 [acid (6)]
   296 | D:1      | HP: 1/25 [jelly (3)]
   296 | D:1      | Splashed by a jelly's acid

Vault maps used:
D:1:      dpeg_arrival_caged_fury, minivault_26, solitary_fountain,
          skrybe_limestone_x

Skill      XL: |  1  2 |
---------------+-------+-----
Maces & Flails | 2 3 |  3.2
Fighting       | |  2.6
Armour         | |  2.6
Shields        | |  2.6

Action                   || total
-------------------------++-------
Melee: Flail             ||    39
  Use: Potion            ||     1
Armor: Scale mail        ||    25
Dodge: Dodged            ||    14
Block: Shield            ||    24

Table legend:
 A = Non-vault XP
 B = Vault XP
 C = Vault XP percentage of total XP
 D = Non-vault monster count
 E = Vault monster count
 F = Vault count percentage of total count
                 A         B        C        D         E       F
            +---------+---------+-------+---------+---------+-------
      Total |       1 |      43 |  97.7 |       1 |      12 |  92.3
            +---------+---------+-------+---------+---------+-------
        D:1 |       1 |      43 |  97.7 |       1 |      12 |  92.3
            +---------+---------+-------+---------+---------+-------

Vault maps used:
D:1:      dpeg_arrival_caged_fury, minivault_26, solitary_fountain,
          skrybe_limestone_x

Table legend:
 A = Turns spent in this place as a percentage of turns spent in the entire game.
 B = Non-inter-level travel turns spent in this place as a percentage of non-inter-level travel turns spent in the entire game.
 C = Inter-level travel turns spent in this place as a percentage of turns spent in this place.
 D = Turns resting spent in this place as a percentage of non-inter-level travel turns spent in this place.
 E = Turns spent auto-exploring this place as a percentage of non-inter-level travel turns spent in this place.
 F = Non-inter-level travel turns spent in this place divided by the number of levels of this place that you've seen.
                   A       B       C       D       E      F
               +-------+-------+-------+-------+-------+----------------------
         Total | 100.0 | 100.0 |   0.0 |   0.0 |  66.9 | 296.0
       Dungeon | 100.0 | 100.0 |   0.0 |   0.0 |  66.9 | 296.0
               +-------+-------+-------+-------+-------+----------------------

Table legend:
 A = Kills in this place as a percentage of kills in entire the game.
 B = Kills by you in this place as a percentage of kills by you in the entire game.
 C = Kills by friends in this place as a percentage of kills by friends in the entire game.
 D = Other kills in this place as a percentage of other kills in the entire game.
 E = Experience gained in this place as a percentage of experience gained in the entire game.
 F = Experience gained in this place divided by the number of levels of this place that you have seen.
                   A       B       C       D       E      F
               +-------+-------+-------+-------+-------+----------------------
         Total | 100.0 | 100.0 |   N/A |   N/A | 100.0 |  44.0
       Dungeon | 100.0 | 100.0 |   N/A |   N/A | 100.0 |  44.0
               +-------+-------+-------+-------+-------+----------------------
